 Dungeon Crawl Stone Soup version 0.28.0-47-ge53b351184 (webtiles) character file.

Game seed: 8816626114476800549

9 Iusername the Chiller (level 2, -6/9 HPs)
             Began as a Felid Ice Elementalist on May 4, 2022.
             Mangled by a scorpion (8 damage)
             ... on level 3 of the Dungeon.
             The game lasted 00:02:15 (657 turns).

Iusername the Chiller (Felid Ice Elementalist)       Turns: 657, Time: 00:02:15

Health: -6/9       AC:  1    Str:  4    XL:     2   Next: 3%
Magic:  5/5        EV: 17    Int: 16    God:
Gold:   49         SH:  0    Dex: 16    Spells: 4/5 levels left
                                        Lives:  0   Deaths: 0

rFire   . . .      SeeInvis +   (weapon unavailable)
rCold   . . .      Faith    .   (shield unavailable)
rNeg    . . .      Spirit   .   (armour unavailable)
rPois   .          Reflect  .   (helmet unavailable)
rElec   .          Harm     .   (cloak unavailable)
rCorr   .          Rampage  .   (gloves unavailable)
Will    .....                   (boots unavailable)
Stlth   ++........              (no amulet)
HPRegen 0.03/turn               (no ring)
MPRegen 0.09/turn               (no ring)

@: lethally poisoned (-6 -> -13), quick
A: very small, claws 1, fangs 3, see invisible, speed 1, shaggy fur 1, stealthy
paws, no weapons or thrown items, no armour, multi-lived, deterioration 1, frail
1, low MP 1
a: no special abilities


You were on level 3 of the Dungeon.
You visited 1 branch of the dungeon, and saw 4 of its levels.

You collected 49 gold pieces.

Inventory:

Potions
 a - a potion of lignification {unknown}
 c - a potion of invisibility {unknown}


   Skills:
 + Level 2.7 Dodging
 + Level 2.7 Stealth
 + Level 2.1 Spellcasting
 + Level 3.9 Ice Magic


You had 4 spell levels left.
You knew the following spells:

 Your Spells              Type           Power      Damage    Failure   Level
a - Freeze                Ice            56%        1d7       4%          1

Your spell library contained the following spells:

 Spells                   Type           Power      Damage    Failure   Level
 Frozen Ramparts          Ice            28%        1d4       12%         3
 Ozocubu's Armour         Ice            14%        N/A       12%         3
 Hailstorm                Conj/Ice       8%         3d4       65%         4


Dungeon Overview and Level Annotations

Branches:
Dungeon (4/15)
 Temple: D:4-7

Altars:


Innate Abilities, Weirdness & Mutations

You have sharp claws.
You have razor-sharp teeth.
You have supernaturally acute eyesight. (SInv)
You cover ground quickly. (Speed+)
You are covered in fur. (AC +1)
Your paws help you pounce on unaware monsters.
You are incapable of wielding weapons or throwing items.
You cannot wear armour.
You gain extra lives every three experience levels.
Your body sometimes deteriorates upon taking damage.
You are frail. (-10% HP)
Your magical capacity is low. (-10% MP)


Message History

An ogre comes into view. It is wielding a +0 giant club.
The ogre shouts!
You hear a shout!
Found 16 stones.
An orc, an orc wizard and an orc priest come into view.
The orc shouts!
The orc priest shouts!
An orc wizard comes into view. It is wielding a +0 dagger.
The orc wizard moves out of view.
A hound skeleton comes into view.
Found an escape hatch in the floor.
The orc priest looks satisfied for a moment.
A scorpion and a kobold come into view.
There is an escape hatch in the floor here.
Found 18 sling bullets and 14 gold pieces.
Found a stone staircase leading down and a stone staircase leading up.
There is a stone staircase leading down here.
Found a quarterstaff.
The scorpion closely misses you.
There is a stone staircase leading up here.
Attack: -) Teeth and claws
Press: ? - help, Dir - move target
Okay, then.
Attack: -) Teeth and claws
Press: ? - help, Dir - move target, f - you
Okay, then.
The scorpion barely misses you.
You climb upwards.
There is a stone staircase leading down here.
The scorpion barely misses you.
Found 9 gold pieces.
You freeze the scorpion.
The scorpion is moderately wounded.
The scorpion stings you!
Ouch! That really hurt!
You are lethally poisoned!
The scorpion poisons you!
It was a potion of mutation.
You feel extremely strange.
You feel less energetic.
You feel yourself wasting away.
You feel frail.
* * * LOW HITPOINT WARNING * * *
You feel sick. The scorpion completely misses you. The scorpion stings you!
Ouch! That really hurt!
You die...

#######
......#
##......#
#>.......
#.......#
#.##+####
#s# #@#
#....$...
.....####
........
.......###
#.......#
#.......#
#........


You could see a scorpion.

Vanquished Creatures
  A dart slug (D:1)
  2 giant cockroaches (D:2)
  A kobold (D:2)
  A bat (D:1)
  A frilled lizard (D:1)
  A rat (D:2)
7 creatures vanquished.

Notes
Turn   | Place    | Note
-------+----------+-------------------------------------------
     0 | D:1      | Iusername the Felid Ice Elementalist began the quest for
                  | the Orb.
     0 | D:1      | Reached XP level 1. HP: 7/7 MP: 4/4
   504 | D:2      | Reached XP level 2. HP: 11/11 MP: 4/6
   602 | D:2      | You fall into a shaft and drop 2 floors!
   606 | D:4      | Noticed an ogre
   634 | D:4      | Noticed a scorpion
   657 | D:3      | Gained mutation: Your magical capacity is low. (-10% MP)
                  | [potion of mutation]
   657 | D:3      | Gained mutation: Your body sometimes deteriorates upon
                  | taking damage. [potion of mutation]
   657 | D:3      | Gained mutation: You are frail. (-10% HP) [potion of
                  | mutation]
   657 | D:3      | Mangled by a scorpion

Illustrated notes

Levels and vault maps discovered:
D:1:      dpeg_arrival_three_smaller_balls, layout_basic,
          chequers_ecumenical_altar_simple_redux
D:2:      layout_basic, uniq_terence, uniq_natasha
D:3:      layout_basic, lemuel_tele_altar, minmay_hedge_maze
D:4:      cheibrodos_barr_body, layout_loops_ring,
          mainiacjoe_overflow_six_doors_small, mainiacjoe_overflow_alcove_1,
          mainiacjoe_overflow_catwalk, minmay_manual_monolith

Action                   || total
-------------------------++-------
Melee: Unarmed           ||     7
       Bite              ||     1
 Cast: Freeze            ||    10
  Use: Potion            ||     1
Dodge: Dodged            ||    16
